 Dungeon Crawl Stone Soup version 0.30-a0-996-ga6910c8ee8 (webtiles) character file.

Game seed: 17169825305958207420

480 Ceno the Trooper (level 7, 0/59 (72) HPs)
             Began as an Ogre Warper on Apr 4, 2023.
             Was an Initiate of Nemelex Xobeh.
             Succumbed to a water moccasin's poison
             ... on level 4 of the Dungeon.
             The game lasted 00:18:18 (4910 turns).

Ceno the Trooper (Ogre Warper)                      Turns: 4910, Time: 00:18:19

HP:   0/59 (72)     AC:  3    Str: 16    XL:     7   Next: 12%
MP:   1/10          EV:  9    Int: 16    God:    Nemelex Xobeh [......]
Gold: 164           SH:  0    Dex:  8    Spells: 2/10 levels left

rFire   . . .      SeeInvis .    a - +1 mace
rCold   . . .      Faith    .    (no shield)
rNeg    . . .      Spirit   +    b - +0 robe
rPois   .          Reflect  .    (helmet restricted)
rElec   .          Rampage  .    (no cloak)
rCorr   .                        (gloves unavailable)
Will    .....                    (boots unavailable)
Stlth   +                        e - amulet of guardian spirit
HPRegen 0.29/turn                (no ring)
MPRegen 0.12/turn                (no ring)

@: lethally poisoned (0 -> -14), studying Transmutations, heavily drained
A: large, unfitting armour, tough skin 1
a: Renounce Religion, Draw Escape, Draw Destruction, Draw Summoning


You were on level 4 of the Dungeon.
You worshipped Nemelex Xobeh.
Nemelex Xobeh was noncommittal.
You visited 2 branches of the dungeon, and saw 5 of its levels.
You also visited: Sewer.

You collected 164 gold pieces.

Inventory:

Hand Weapons
 a - a +1 mace (weapon)
Missiles
 g - 34 stones (quivered)
 h - 5 large rocks
 m - 5 atropa-tipped darts
Armour
 b - a +0 robe (worn)
Jewellery
 e - an amulet of guardian spirit (around neck)
 l - a +6 ring of dexterity
Scrolls
 c - a scroll of blinking
 p - a scroll of enchant armour {unknown}
 r - 2 scrolls of fog {unknown}
 s - a scroll of enchant weapon
 w - a scroll of amnesia {unknown}
 x - a scroll of magic mapping {unknown}
Potions
 d - a potion of might {unknown}
 f - a potion of cancellation
 i - a potion of flight {unknown}
 j - a potion of invisibility {unknown}
 k - a potion of resistance {unknown}
 n - 3 potions of curing
 o - a potion of berserk rage {unknown}
 q - a potion of brilliance {unknown}
 t - a potion of mutation {unknown}
 u - a potion of attraction {unknown}
 v - a potion of haste
 z - a potion of lignification {unknown}


   Skills:
 + Level 5.3 Fighting
 * Level 5.0 Maces & Flails
 - Level 1.0 Throwing
 - Level 2.1 Dodging
 - Level 2.4 Spellcasting
 + Level 4.1 Translocations


You had 2 spell levels left.
You knew the following spells:

 Your Spells              Type           Power      Damage    Failure   Level
a - Blink                 Tloc           30%        N/A       5%          2
b - Teleport Other        Tloc           15%        N/A       11%         3
c - Vhi's Electric Charg  Tloc/Air       16%        N/A       26%         3

Your spell library contained the following spells:

 Spells                   Type           Power      Damage    Failure   Level
 Lesser Beckoning         Tloc           30%        N/A       5%          2
 Manifold Assault         Tloc           15%        N/A       34%         4
 Storm Form               Tmut/Air       0%         N/A       100%        7


Dungeon Overview and Level Annotations

Branches:
Dungeon (4/15)             Temple (1/1) D:4           Sewer (visited)

Altars:
Ashenzari
Dithmenos
Elyvilon
Fedhas
Gozag
Hepliaklqana
Kikubaaqudgha
Makhleb
Nemelex Xobeh
Okawaru
Qazlal
Ru
Sif Muna
Trog
Vehumet
Wu Jian
Xom
Yredelemnul


Innate Abilities, Weirdness & Mutations

You are too large for most types of armour.
You have tough skin. (AC +1)


Message History

The water moccasin bites you.
You are more poisoned.
The water moccasin poisons you!
You closely miss the water moccasin.
You feel very sick. The water moccasin bites you.
The water moccasin barely misses you.
You miss the water moccasin.
You feel very sick.
The water moccasin disappears!
The water moccasin reappears nearby!
You feel very sick.
Casting: Teleport Other (dangerous; 11% risk of failure)
Confirm with . or Enter, or press ? or * to list all spells.
You don't have enough magic to cast this spell.
You feel sick. The water moccasin bites you.
You feel very sick.
The water moccasin bites you but does no damage.
The water moccasin closely misses you.
You feel sick.
The water moccasin bites you but does no damage.
You feel sick. The water moccasin misses you.
The water moccasin attacks as you move away!
The water moccasin closely misses you.
You feel sick.
Your magical contamination has completely faded away.
You feel sick.
You feel sick. The water moccasin bites you.
You feel sick.
You feel sick.
You are no longer poisoned.
The water moccasin bites you.
* * * LOW HITPOINT WARNING * * *
The water moccasin attacks as you move away!
The water moccasin bites you.
* * * LOW HITPOINT WARNING * * *
The water moccasin attacks as you move away!
The water moccasin bites you.
* * * LOW HITPOINT WARNING * * *
You are lethally poisoned!
The water moccasin poisons you!
You die...
Your body disappears without a glow.

#..... #...##.......#..###
#>.... #...........##..###
#.....##..........####.)<#
#...##................##...###
.).#......................#
###..........##..........####
##.##....###..##.........##
#..#...#..#..S#.....##[.)#
##......#.##..#.@###.##.<.##
#.........#..##.##....##...#
#....##......#..##.....##..#
##....#...##.#.............#
#.#.......#..............##
###......##...#..#.....###
##.##.###...#..###.###
#......#........####
#......##...>.###


You could see a water moccasin.

Vanquished Creatures
  2 black bears (D:3)
  A jelly (D:3)
  2 orc priests (D:3)
  2 orc wizards (D:3)
  3 gnolls
  2 adders
  A shadow imp (D:3)
  4 worms (D:2)
  2 dart slugs (D:3)
  6 orcs
  5 ball pythons
  9 endoplasms
  4 giant cockroaches
  5 goblins
  7 hobgoblins
  3 quokkas (D:1)
  10 bats
  5 frilled lizards
  7 kobolds
  9 rats
89 creatures vanquished.

Notes
Turn   | Place    | Note
-------+----------+-------------------------------------------
     0 | D:1      | Ceno the Ogre Warper began the quest for the Orb.
     0 | D:1      | Reached XP level 1. HP: 22/22 MP: 3/3
   160 | D:1      | Reached XP level 2. HP: 27/29 MP: 5/5
   170 | D:1      | Learned a level 2 spell: Blink
   751 | D:1      | Reached XP level 3. HP: 37/37 MP: 6/6
   755 | D:1      | Learned a level 3 spell: Teleport Other
  1457 | D:2      | Found a shimmering altar of Xom.
  2329 | D:2      | Reached XP level 4. HP: 29/45 MP: 5/7
  2636 | D:3      | Found a hazy altar of Hepliaklqana.
  2653 | D:3      | Found a sparkling altar of Nemelex Xobeh.
  2671 | D:3      | Became a worshipper of Nemelex Xobeh the Trickster
  2742 | D:3      | Found a glowing drain.
  2820 | D:3      | Reached XP level 5. HP: 31/54 MP: 6/8
  2832 | D:3      | Learned a level 3 spell: Vhi's Electric Charge
  2833 | Sewer    | Entered a sewer
  2934 | Sewer    | Noticed a water moccasin
  3135 | D:4      | Noticed a black bear
  3718 | D:3      | Killed a black bear
  3719 | D:3      | Reached XP level 6. HP: 38/63 MP: 5/9
  4012 | D:4      | Noticed a water moccasin
  4036 | D:4      | Reached skill level 5 in Fighting
  4048 | D:4      | Noticed a black bear
  4235 | D:3      | Killed a black bear
  4236 | D:3      | Reached XP level 7. HP: 14/72 MP: 3/10
  4502 | D:4      | Found a staircase to the Ecumenical Temple.
  4508 | Temple   | Entered the Ecumenical Temple
  4508 | Temple   | Found a transporter.
  4508 | Temple   | Found a transporter.
  4510 | Temple   | Found a transporter.
  4510 | Temple   | Found a transporter.
  4645 | D:4      | Reached skill level 5 in Maces & Flails
  4910 | D:4      | Succumbed to a water moccasin's poison

Illustrated notes

Levels and vault maps discovered:
D:1:      roderic_chinese_lattice_arrival, layout_basic
D:2:      layout_basic, basic_altar, chequers_serial_rivers_micro_b
D:3:      minmay_wonky_spiral, layout_rooms, mainiacjoe_overflow_big_doors,
          portal_sewer_entry_b
D:4:      layout_cave_pools, minmay_temple_entry_hall, chequers_jeans,
          minmay_manual_mandibuliform
Temple:   hellmonk_temple_divided_pantheon

Skill      XL: |  1  2  3  4  5  6  7 |
---------------+----------------------+-----
Maces & Flails | 2 3 4 5 |  5.0
Fighting       | 3 4 5 |  5.3
Translocations | 3 4 |  4.1
Throwing       | |  1.0
Dodging        | |  2.1
Spellcasting   | |  2.4

Action                     |  1- 3 |  4- 6 |  7- 9 || total
---------------------------+-------+-------+-------++-------
  Melee: Mace              |   183 |   168 |    28 ||   379
         Punch             |       |     2 |       ||     2
  Throw: Stone             |     6 |     1 |     2 ||     9
         Boomerang         |       |    10 |       ||    10
         Large rock        |       |     4 |       ||     4
   Cast: Blink             |     1 |       |       ||     1
         Teleport Other    |       |     2 |     2 ||     4
         Vhi's Electric Ch |       |       |     3 ||     3
    Use: Scroll            |       |     3 |       ||     3
   Stab: Sleeping          |       |     3 |       ||     3
 Armour: Robe              |    64 |    63 |     4 ||   131
  Dodge: Dodged            |    77 |   112 |    18 ||   207

Table legend: (Time is in decaauts)
 A = Elapsed time spent in this place.
 B = Non-inter-level travel time spent in this place.
 C = Inter-level travel time spent in this place.
 D = Time resting spent in this place.
 E = Time spent auto-exploring this place.
 F = Levels seen in this place.
 G = Mean time per level.
                   A        B        C        D        E       F      G
               +--------+--------+--------+--------+--------+-----+--------+
         Total |   5021 |   4858 |    163 |   1475 |   1598 |   6 |  836.8 |
       Dungeon |   4874 |   4719 |    155 |   1415 |   1592 |   4 | 1218.5 |
        Temple |     33 |     25 |      8 |      0 |      6 |   1 |   33.0 |
         Sewer |    112 |    112 |      0 |     60 |      0 |   1 |  112.0 |
               +--------+--------+--------+--------+--------+-----+--------+

Top non-repeatable levels by time:
     D:3: 1719 daAuts
     D:2: 1436 daAuts
     D:1: 1196 daAuts
     D:4: 521 daAuts
   Sewer: 112 daAuts
  Temple: 33 daAuts
